 Dungeon Crawl Stone Soup version 0.30-a0-368-g86fb4627a9 (webtiles) character file.

Game seed: 7440584269192627178

3 oldriver the Grave Robber (level 1, 0/14 HPs)
             Began as a Mummy Necromancer on Nov 19, 2022.
             Slain by a jackal (1 damage)
             ... on level 1 of the Dungeon.
             The game lasted 00:00:19 (143 turns).

oldriver the Grave Robber (Mummy Necromancer)        Turns: 143, Time: 00:00:20

Health: 0/14       AC:  2    Str: 11    XL:     1   Next: 41%
Magic:  0/4        EV: 12    Int: 14    God:
Gold:   12         SH:  0    Dex: 12    Spells: 4/5 levels left

rFire   x . .      SeeInvis .    (no weapon)
rCold   + . .      Faith    +    (no shield)
rNeg    + + +      Spirit   .    a - +0 robe
rPois   ∞          Reflect  .    (no helmet)
rElec   .          Harm     .    (no cloak)
rCorr   .          Rampage  .    (no gloves)
Will    .....                    (no boots)
Stlth   ++........               (no amulet)
HPRegen 0.22/turn                (no ring)
MPRegen 0.09/turn                (no ring)

@: no status effects
A: cold resistance 1, negative energy resistance 3, torment resistance 2, heat
vulnerability 1, no potions, faith
a: no special abilities


You were on level 1 of the Dungeon.
You visited 1 branch of the dungeon, and saw 1 of its levels.

You collected 12 gold pieces.

Inventory:

Armour
 a - a +0 robe (worn)


   Skills:
 + Level 0.5 Fighting
 - Level 1.5 Dodging
 - Level 1.5 Stealth
 + Level 2.9 Spellcasting
 - Level 4.0 Necromancy


You had 4 spell levels left.
You knew the following spells:

 Your Spells              Type           Power      Damage    Failure   Level
a - Necrotise             Necr           52%        1d6       4%          1

Your spell library contained the following spells:

 Spells                   Type           Power      Damage    Failure   Level
 Vampiric Draining        Necr           13%        2d6       13%         3
 Animate Dead             Necr           13%        N/A       38%         4
 Agony                    Necr           13%        N/A       75%         5


Dungeon Overview and Level Annotations

Branches:
Dungeon (1/15)

Altars:


Innate Abilities, Weirdness & Mutations

You are immune to poison.
Your flesh is cold resistant. (rC+)
You are immune to negative energy. (rN+++)
You are immune to unholy pain and torment.
You are vulnerable to heat. (rF-)
You do not drink.
You have a special connection with the divine. (Faith)


Message History

Press: ? - help, Shift-Dir - straight line, f/p - jackal
Aim: a jackal (chance to affect: 83%)
The jackal writhes in agony.
You kill the jackal!
The dead are walking!
The jackal bites your jackal skeleton. x2
Your jackal skeleton is destroyed!
You hit the jackal but do no damage. The jackal bites you.
The jackal stops to sniff the ground.
The jackal barely misses you.
You barely miss the jackal. The jackal barely misses you.
You closely miss the jackal. The jackal barely misses you.
You closely miss the jackal. The jackal bites you.
The jackal barely misses you.
You hit the jackal but do no damage. The jackal misses you.
You closely miss the jackal. The jackal barely misses you.
The jackal closely misses you.
You hit the jackal.
The jackal is moderately wounded.
The jackal closely misses you.
Casting: Necrotise (safe; 4% risk of failure)
Confirm with . or Enter, or press ? or * to list all spells.
Aiming: Necrotise (safe; 4% risk of failure)
Press: ? - help, Shift-Dir - straight line, f - jackal
Aim: a jackal (moderately wounded, chance to affect: 83%)
The jackal writhes in agony.
You kill the jackal!
The dead are walking!
You miss the jackal.
A jackal comes into view.
The jackal closely misses you. The jackal barely misses you.
You barely miss the jackal. The jackal bites you.
* * * LOW HITPOINT WARNING * * *
The jackal barely misses you.
You completely miss the jackal. The jackal closely misses you. x2
The jackal bites you.
* * * LOW HITPOINT WARNING * * *
The jackal bites you.
* * * LOW HITPOINT WARNING * * *
You barely miss the jackal. The jackal barely misses you. The jackal bites you.
You die...

..≈8§.......###
≈..≈§####.#...#
8≈..# #...#.# ≈...
##.###.# ##..
....##.# #.#
###..##.# #.#
#..##w# #.#
#..##h# #.#
####..##@# #.#
#......hZ# #####.#
#.##..#### ......#
#.##..#
.####.###.##..#
...##.##.#Z#..#
...##...###...#
###############
### ##
##.####.P.######<#


You could see a dart slug, 2 jackals and a friendly jackal skeleton.

Vanquished Creatures
  2 jackals (D:1)
  A ball python (D:1)
3 creatures vanquished.

Notes
Turn   | Place    | Note
-------+----------+-------------------------------------------
     0 | D:1      | oldriver the Mummy Necromancer began the quest for the Orb.
     0 | D:1      | Reached XP level 1. HP: 13/13 MP: 4/4
   143 | D:1      | Slain by a jackal

Illustrated notes

Levels and vault maps discovered:
D:1:      lightli_arrival_windingriver, layout_loops_ring, kennysheep_doodads

Action                   || total
-------------------------++-------
Melee: Unarmed           ||    17
 Cast: Necrotise         ||     9
Armor: Robe              ||     2
Dodge: Dodged            ||    20

Table legend: (Time is in decaauts)
 A = Elapsed time spent in this place.
 B = Non-inter-level travel time spent in this place.
 C = Inter-level travel time spent in this place.
 D = Time resting spent in this place.
 E = Time spent auto-exploring this place.
 F = Levels seen in this place.
 G = Mean time per level.
                   A        B        C        D        E       F      G
               +--------+--------+--------+--------+--------+-----+--------+
         Total |    145 |    145 |      0 |      0 |    100 |   1 |  145.0 |
       Dungeon |    145 |    145 |      0 |      0 |    100 |   1 |  145.0 |
               +--------+--------+--------+--------+--------+-----+--------+

Top non-repeatable levels by time:
     D:1: 145 daAuts
